 Dungeon Crawl Stone Soup version 0.31.0-11-ge490571c62 (webtiles) character file.

Game seed: 9394938086426854807

35112 Arcadio the Fighter (level 13, -8/122 HPs)
             Began as a Human Delver on Jan 29, 2024.
             Was a High Priest of Ashenzari.
             Mangled by a manticore (10 damage)
             ... on level 5 of the Lair of Beasts.
             The game lasted 00:50:09 (14886 turns).

Arcadio the Fighter (Human Delver)                 Turns: 14886, Time: 00:50:12

Health: -8/122     AC: 16    Str: 12    XL:     13   Next: 81%
Magic:  13/13      EV: 18    Int: 11    God:    Ashenzari [*****.]
Gold:   311        SH:  0    Dex: 20    Spells: 13/13 levels left

rFire   . . .        y - +8 falchion of Ashenzari's Suspicion {pain, rPois rCorr Stlth+, Fort, Self} (curse)
rCold   . . .        (no shield)
rNeg    . . .        m - +0 chain mail of the Cryptic Mysticism {Cun, Dev} (curse)
rPois   +            s - +0 helmet of the Profound Ether {Bglg, Sorc} (curse)
rElec   .            (no cloak)
rCorr   +            G - +0 pair of gloves "Ensconced With Me" {Self, Range} (curse)
SInv    +            A - +0 pair of boots of the Tethered Moon {Dev, Cun} (curse)
Will    .....        E - amulet of Ashenzari's Irritation {Regen+, Melee, Bglg} (curse)
Stlth   ++           O - ring "Gnostic Soothsayer" {EV+5, Bglg, Self} (curse)
HPRegen 1.20/turn    Q - ring of Panopticon {rPois, Melee, Elem} (curse)
MPRegen 0.13/turn

%: clarity
@: about to teleport, very slow
A: explore regen
a: Renounce Religion, Curse Item, Shatter the Chains


You were on level 5 of the Lair of Beasts.
You worshipped Ashenzari.
Ashenzari was extremely pleased with you.
You visited 3 branches of the dungeon, and saw 16 of its levels.

You collected 765 gold pieces.
You spent 454 gold pieces at shops.

Inventory:

Hand Weapons
 r - a +3 scimitar of flaming
 y - the cursed +8 falchion of Ashenzari's Suspicion (weapon) {pain, rPois rCorr Stlth+, Fort, Self}
   (You found it on level 5 of the Dungeon)

   rPois:     It protects you from poison rCorr: It protects you from acid and
   corrosion.
   Stlth+:    It makes you more stealthy.
   It has a curse which improves the following skills: Fortitude: Armour and
   Shields.
   Introspection: Fighting and Spellcasting.
 J - a +0 morningstar
Missiles
 w - 2 throwing nets (quivered)
Armour
 m - the cursed +0 chain mail of the Cryptic Mysticism (worn) {Cun, Dev}
   (You found it on level 3 of the Dungeon)

   It has a curse which improves the following skills: Cunning: Dodging and
   Stealth.
   Devices:   Evocations and Shapeshifting.
 s - the cursed +0 helmet of the Profound Ether (worn) {Bglg, Sorc}
   (You found it on level 3 of the Lair of Beasts)

   It has a curse which improves the following skills: Beguiling: Hexes and
   Translocations.
   Sorcery:   Conjurations and Alchemy.
 A - the cursed +0 pair of boots of the Tethered Moon (worn) {Dev, Cun}
   (You found it on level 5 of the Dungeon)

   It has a curse which improves the following skills: Devices: Evocations and
   Shapeshifting.
   Cunning:   Dodging and Stealth.
 G - the cursed +0 pair of gloves "Ensconced With Me" (worn) {Self, Range}
   (You found it on level 7 of the Dungeon)

   It has a curse which improves the following skills: Introspection: Fighting
   and Spellcasting.
   Ranged Combat: Ranged Weapons and Throwing.
 P - a +0 plate armour
Jewellery
 h - a ring of wizardry
 u - a ring of magical power
 E - the cursed amulet of Ashenzari's Irritation (around neck) {Regen+, Melee, Bglg}
   (You found it on level 6 of the Dungeon)

   [amulet of regeneration]

   Regen+:    It increases your rate of health regeneration.
   It has a curse which improves the following skills: Melee Combat: Short
   Blades, Long Blades, Axes, Maces & Flails, Polearms, Staves and Unarmed
   Combat.
   Beguiling: Hexes and Translocations.
 O - the cursed ring "Gnostic Soothsayer" (left hand) {EV+5, Bglg, Self}
   (You found it on level 9 of the Dungeon)

   [ring of evasion]

   EV+5:      It affects your evasion (+5).
   It has a curse which improves the following skills: Beguiling: Hexes and
   Translocations.
   Introspection: Fighting and Spellcasting.
 Q - the cursed ring of Panopticon (right hand) {rPois, Melee, Elem}
   (You bought it in a shop on level 9 of the Dungeon)

   [ring of poison resistance]

   rPois:     It protects you from poison It has a curse which improves the
   following skills: Melee Combat: Short Blades, Long Blades, Axes, Maces &
   Flails, Polearms, Staves and Unarmed Combat.
   Elements:  Fire Magic, Ice Magic, Air Magic and Earth Magic.
 U - a +6 ring of strength
Wands
 g - a wand of digging (3)
 x - a wand of roots (25)
 F - a wand of flame (1)
 H - a wand of mindburst (6)
 K - a wand of charming (9)
 R - a wand of acid (10)
Scrolls
 b - 2 scrolls of brand weapon
 c - 6 scrolls of fog
 d - 2 scrolls of revelation
 e - 2 scrolls of fear
 j - 4 scrolls of vulnerability
 l - a scroll of torment
 o - 4 scrolls of poison
 t - 3 scrolls of teleportation
 v - a scroll of blinking
 C - 2 scrolls of noise
 D - a scroll of enchant weapon
 I - a scroll of immolation
 L - 2 scrolls of amnesia
 S - 2 scrolls of summoning
 T - a scroll of enchant armour
Potions
 a - 3 potions of brilliance
 f - 5 potions of haste
 i - 4 potions of curing
 k - 2 potions of might
 n - 3 potions of mutation
 q - 2 potions of invisibility
 z - a potion of berserk rage
 B - a potion of lignification
 M - 2 potions of enlightenment
 N - 2 potions of magic


   Skills:
 + Level 13.6(17.7) Fighting
 + Level 12.9(16.0) Long Blades
 + Level 8.3(10.5) Armour
 + Level 12.1(15.2) Dodging
 - Level 5.5(8.7) Stealth


You had 13 spell levels left.
You didn't know any spells.
Your spell library contained the following spells:

 Spells                   Type           Power      Damage    Failure   Level
 Sandblast                Erth           0%         2d4       99%         1
 Call Canine Familiar     Summ           0%         N/A       100%        3
 Inner Flame              Hex/Fire       1%         N/A       100%        3
 Passwall                 Erth           0%         N/A       100%        3
 Sigil of Binding         Hex            1%         N/A       100%        3
 Stone Arrow              Conj/Erth      0%         3d7       100%        3
 Brom's Barrelling Bould  Conj/Erth      0%         2d3       100%        4
 Dimensional Bullseye     Hex/Tloc       0%         N/A       100%        4
 Olgreb's Toxic Radiance  Alch           0%         N/A       100%        4
 Irradiate                Conj/Alch      0%         3d11      100%        5
 Ozocubu's Refrigeration  Ice            0%         4d7       100%        7
 Discord                  Hex            0%         N/A       100%        8
 Ignition                 Fire           0%         3d3       100%        8


Dungeon Overview and Level Annotations

Branches:
Dungeon (10/15)            Temple (1/1) D:6            Lair (5/5) D:8
  Swamp (0/4) Lair:2        Snake (0/4) Lair:2        Slime (0/5) Lair:4
    Orc: D:9-12

Altars:
Ashenzari
Cheibriados
Dithmenos
Elyvilon
Fedhas
Gozag
Hepliaklqana
Kikubaaqudgha
Makhleb
Nemelex Xobeh
Okawaru
Qazlal
Ru
Sif Muna
Trog
Uskayaw
Vehumet
Wu Jian
Xom
Yredelemnul
Zin
The Shining One
Jiyva

Shops:
D:8 ((*!   D:9 =[:*

Annotations:
D:6 3 runed translucent doors, Arcadio's ghost, novice GrEE; Jeremiah
D:7 2 transporters, Arcadio's ghost, novice DECj


Innate Abilities, Weirdness & Mutations

You regain HP and MP as you explore.


Message History

The merfolk avatar chants a haunting song.
You are unaffected.
The skyshark barely misses you. The skyshark misses you.
The skyshark closely misses you.
Unknown command.
You slash the skyshark!
The skyshark is almost dead.
You are engulfed in a cloud of scalding steam.
The manticore bites you but does no damage.
The manticore barely misses you.
The manticore claws you but does no damage.
The steam dragon breathes steam at you. The ball of steam hits you!
The skyshark bites you but does no damage.
The skyshark tail-slaps you. The skyshark tail-slaps you!
The merfolk avatar chants a haunting song.
You are unaffected.
You hear an angry hiss.
As you read the scroll of teleportation, it crumbles to dust.
You feel strangely unstable.
You are engulfed in a cloud of scalding steam.
You carefully extract the barbed spikes from your body.
The skyshark bites you!!
The skyshark tail-slaps you but does no damage.
The skyshark tail-slaps you!
* * * LOW HITPOINT WARNING * * *
The manticore completely misses you. The manticore misses you.
The manticore claws you but does no damage.
The steam dragon bites you but does no damage.
The steam dragon closely misses you.
The merfolk avatar chants a haunting song.
You are unaffected.
You feel much better.
You are engulfed in a cloud of scalding steam.
The skyshark bites you!!
* * * LOW HITPOINT WARNING * * *
The skyshark barely misses you. The skyshark tail-slaps you!
* * * LOW HITPOINT WARNING * * *
The manticore is engulfed in a cloud of scalding steam.
The manticore bites you!
You die...

....~~~~P~~~~~~~#.~~.~.~~~~~~.~~.
.....~.~~~~~.~~#..~#~~~~~~~~~~~~.
.....#~.########.~~###~.####~##..
.....##~~~~8#⌠~~~~~.~~⌠#8~~#~##~.
.....~.~~~#,#P~.~.~~~~~#~~~~~~~..
....~P~~#~P~#~~~.~~~~~~#~~.,~~~..
....~~#~~~#~#~8##~###8~#*~~~~*#~.
....~##~#.~~~~~~(|)!#.~~.,~~~~*,,
.....~~~~~~~~P~.@≈≈!~.#~#, ....~~
~~8P~~PFDH≈(#~.#~, ....,
*~~~~~~#ym)?~~.~~~ ....,
*~#~#~.#~####8~#.~ ...(,
*~~~#~~~~~,~~~~#~~ ....,
~~*~#~,#~~~*,,~#~, ....~
~~~8#⌠~~.~~,,~⌠*8~ ....~
*******#~.~****** ...,~
~~~~~,~*~,~,~~~~~


You could see a merfolk avatar, a skyshark (berserk), a manticore, a hornet and
a steam dragon (catching breath).

Vanquished Creatures
  Josephine (Lair:3)
  2 hydras (Lair:5)
  Erica (Lair:1)
  A catoblepas (Lair:1)
  A two-headed ogre (D:9)
  2 skysharks
  Amaemon (D:9)
  A sea snake (Lair:5)
  A harpy (Lair:5)
  8 elephants
  4 black mambas (Lair:2)
  An orange demon (D:8)
  6 cane toads
  A centaur skeleton (D:10)
  2 rime drakes
  8 komodo dragons
  An unseen horror zombie (D:10)
  Psyche (D:8)
  2 unseen horror skeletons (D:10)
  A hornet (D:7)
  2 wind drakes (Lair:5)
  A polar bear (Lair:2)
  A troll (D:9)
  4 dream sheep (Lair:5)
  5 blink frogs (Lair:5)
  2 shadows
  4 wraiths (Lair:3)
  2 basilisks
  Grum (D:8)
  3 wyverns
  33 yaks
  3 steam dragons
  A death yak simulacrum (Lair:1)
  24 water moccasins
  4 orc warriors
  An ice beast (D:8)
  2 ogres
  4 centaurs
  16 wolves
  2 kobold brigands
  15 bullfrogs
  2 scorpions
  A cane toad simulacrum (Lair:1)
  14 wights
  A burial acolyte (D:10)
  5 killer bees (D:8)
  8 electric eels
  3 howler monkeys (D:9)
  4 centaur zombies (D:10)
  3 hounds
  2 bombardier beetles (D:6)
  A human zombie (D:10)
  3 orc priests
  2 gnoll boudas (D:8)
  Ijyb (D:4)
  3 orc wizards
  Terence (D:3)
  2 sleepcaps
  A howler monkey zombie (D:10)
  6 adders
  17 gnolls
  A shadow imp (D:6)
  A white imp (D:6)
  4 ufetubi
  2 dart slugs
  5 ribbon worms
  25 orcs
  3 bats
  5 endoplasms
  3 giant cockroaches
  5 goblins
  6 hobgoblins
  2 quokkas
  6 ball pythons
  5 frilled lizards
  12 kobolds
  4 rats
345 creatures vanquished.

Vanquished Creatures (others)
  A yak (Lair:1)
  2 gnolls (D:8)
3 creatures vanquished.

Grand Total: 348 creatures vanquished

Notes
Turn   | Place    | Note
-------+----------+-------------------------------------------
     0 | D:5      | Arcadio the Human Delver began the quest for the Orb.
     0 | D:5      | Reached XP level 1. HP: 18/18 MP: 1/1
    16 | D:5      | Noticed an ogre
    31 | D:5      | Found a sacrificial altar of Ru.
    33 | D:5      | Noticed a water moccasin
   101 | D:5      | Reached XP level 2. HP: 6/24 MP: 2/2
   397 | D:5      | Noticed an orc warrior
   439 | D:5      | Reached XP level 3. HP: 4/29 MP: 3/3
   595 | D:4      | Found a burning altar of Makhleb.
   676 | D:4      | Noticed Ijyb
   720 | D:3      | Noticed Terence
   886 | D:1      | Reached XP level 4. HP: 35/35 MP: 4/4
  2166 | D:3      | Found a bloodstained altar of Trog.
  2210 | D:3      | Reached XP level 5. HP: 34/42 MP: 5/5
  2416 | D:3      | Killed Terence
  2525 | D:3      | Found a faded altar of an unknown god.
  2594 | D:3      | Reached skill level 4 in Fighting
  3428 | D:4      | Reached skill level 1 in Armour
  3428 | D:4      | Reached XP level 6. HP: 39/49 MP: 6/6
  3461 | D:4      | Killed Ijyb
  3983 | D:4      | Reached skill level 5 in Fighting
  4111 | D:5      | Identified the +8 falchion "Geewn" {pain, rPois rCorr
                  | Stlth+}
  4179 | D:5      | Reached XP level 7. HP: 16/56 MP: 7/7
  4867 | D:6      | Noticed Jeremiah
  5377 | D:6      | Found a white marble altar of Elyvilon.
  5378 | D:6      | Found a broken altar of Ashenzari.
  5382 | D:6      | Became a worshipper of Ashenzari the Shackled
  5427 | D:6      | Reached skill level 6 in Fighting
  5434 | D:6      | Found a runed translucent gate.
  5435 | D:6      | Found a runed translucent gate.
  5437 | D:6      | Found a runed translucent gate.
  5440 | D:6      | Noticed Arcadio's ghost (novice GrEE)
  5485 | D:6      | Reached XP level 8. HP: 59/64 MP: 8/8
  5672 | D:6      | Found a staircase to the Ecumenical Temple.
  5681 | Temple   | Entered the Ecumenical Temple
  5911 | D:6      | Reached skill level 5 in Long Blades
  5937 | D:6      | Reached skill level 5 in Armour
  6112 | D:7      | Reached skill level 7 in Fighting
  6180 | D:7      | Reached XP level 9. HP: 52/72 MP: 9/9
  6206 | D:7      | Noticed a hornet
  6220 | D:7      | Killed a hornet
  6245 | D:7      | Identified the +7 sling of Inquiry {freeze, Will+}
  6260 | D:7      | Found a transporter.
  6269 | D:7      | Noticed Arcadio's ghost (novice DECj)
  6307 | D:7      | Identified the +5 dagger of Pelleole {speed, rCorr Str+3}
  6307 | D:7      | Identified the +1 chain mail of the Wary Geomancers {Harm
                  | rCorr Int-2 Dex-4}
  6404 | D:7      | Noticed a +0 dagger
  6404 | D:7      | Noticed a +0 dagger
  6408 | D:7      | Found a hide-covered altar of Uskayaw.
  6542 | D:7      | Noticed a two-headed ogre
  6547 | D:7      | Found a transporter.
  6675 | D:8      | Reached skill level 8 in Fighting
  6717 | D:8      | Reached skill level 5 in Dodging
  6786 | D:8      | Reached * piety under Ashenzari
  7033 | D:8      | Reached XP level 10. HP: 71/82 MP: 10/10
  7054 | D:8      | Noticed Grum
  7085 | D:8      | Killed Grum
  7086 | D:8      | Reached skill level 9 in Fighting
  7203 | D:8      | Found Lazxyuzxu's Distillery.
  7225 | D:8      | Bought a potion of curing for 30 gold pieces
  7258 | D:8      | Noticed Psyche
  7268 | D:8      | Found an opulent altar of Gozag.
  7269 | D:8      | Found a glowing silver altar of Zin.
  7269 | D:8      | Noticed Amaemon
  7269 | D:8      | Noticed an orange demon
  7270 | D:8      | Found a shadowy altar of Dithmenos.
  7270 | D:8      | Found a stormy altar of Qazlal.
  7270 | D:8      | Found an iron altar of Okawaru.
  7367 | D:9      | Reached ** piety under Ashenzari
  7575 | D:9      | Found Zeadyh's Assorted Antiques.
  7578 | D:9      | Bought a glowing inky potion for 26 gold pieces
  7587 | D:9      | Found Dayq's Armour Shoppe.
  7635 | D:9      | Noticed a two-headed ogre
  7657 | D:9      | Killed a two-headed ogre
  7728 | D:9      | Found an ornate altar of the Wu Jian Council.
  7819 | D:9      | Found Utacw's Book Shop.
  7885 | D:9      | Found Bit Toebora's Jewellery Shop.
  7894 | D:9      | Bought a ring of poison resistance for 260 gold pieces
  7987 | D:10     | Entered Level 10 of the Dungeon
  8053 | D:10     | Reached skill level 10 in Fighting
  8229 | D:10     | Reached XP level 11. HP: 90/93 MP: 11/11
  8534 | D:10     | Found an ancient bone altar of Kikubaaqudgha.
  8771 | D:9      | Killed Amaemon
  8772 | D:9      | Reached skill level 11 in Fighting
  8772 | D:9      | Reached skill level 10 in Long Blades
  8847 | D:8      | Killed Psyche
  9094 | D:8      | Reached *** piety under Ashenzari
  9122 | D:8      | Found Oblaufa's Weapon Shoppe.
  9138 | D:8      | Found a staircase to the Lair.
  9181 | D:8      | Found Vaoxamoaso's General Store.
  9190 | D:8      | Bought a potion of might for 48 gold pieces
  9190 | D:8      | Bought a scroll of enchant armour for 90 gold pieces
  9217 | D:8      | Found a snail-covered altar of Cheibriados.
  9218 | D:8      | Found a glowing golden altar of the Shining One.
  9225 | D:8      | Found a sparkling altar of Nemelex Xobeh.
  9411 | D:8      | Found Poghur's Antique Weapon Shop.
  9582 | Lair:1   | Entered Level 1 of the Lair of Beasts
 10184 | Lair:1   | Noticed a catoblepas
 10227 | Lair:1   | Killed a catoblepas
 10228 | Lair:1   | Reached XP level 12. HP: 52/105 MP: 12/12
 10395 | Lair:1   | You fall into a shaft and drop 1 floor!
 10423 | Lair:2   | Reached skill level 10 in Dodging
 10487 | Lair:2   | Reached skill level 12 in Fighting
 10691 | Lair:1   | Noticed Erica
 10707 | Lair:1   | HP: 3/106 [Erica/+3 scimitar of flaming (18)]
 10712 | Lair:1   | Killed Erica
 11585 | Lair:2   | Found a staircase to the Swamp.
 11641 | Lair:2   | Found a staircase to the Snake Pit.
 12080 | Lair:3   | Noticed Josephine
 12102 | Lair:3   | Reached **** piety under Ashenzari
 12141 | Lair:3   | Identified the dragon-blood talisman "Entoh" {Will- Str+5
                  | Int+2}
 12141 | Lair:3   | Noticed a fire dragon
 12903 | Lair:3   | Reached XP level 13. HP: 108/116 MP: 13/13
 12912 | Lair:3   | Killed Josephine
 13255 | Lair:4   | Reached skill level 13 in Fighting
 13823 | Lair:4   | Reached ***** piety under Ashenzari
 14063 | Lair:4   | Found a viscous altar of Jiyva.
 14063 | Lair:4   | Found a staircase to the Slime Pits.
 14206 | Lair:5   | Entered Level 5 of the Lair of Beasts
 14886 | Lair:5   | HP: 2/122 [skyshark (10)]
 14886 | Lair:5   | Mangled by a manticore

Illustrated notes

Levels and vault maps discovered:
D:1:      dpeg_arrival_fog, layout_rooms, chequers_serial_rivers_small_3,
          nicolae_figureground_sparkle
D:2:      layout_basic
D:3:      layout_basic, mainiacjoe_overflow_six_doors_small,
          shapermc_ecumenical_altar_ellora, uniq_terence
D:4:      layout_loops_ring, makhleb_blood_cavern_becter,
          hangedman_decor_riveting, uniq_ijyb
D:5:      layout_gridville, nicolae_ru_awakened_eye
D:6:      layout_loops_ring, chequers_temple_overflow_statue_of_worship,
          minmay_temple_entry_poolview, gammafunk_ghost_necromancy,
          uniq_jeremiah
D:7:      layout_basic, dancing_weapons_uskayaw, gammafunk_ghost_smash,
          nicolae_letterblocks [nicolae_letter_subblock,
          nicolae_letter_subblock, nicolae_letter_subblock,
          nicolae_letter_subblock, nicolae_letter_subblock,
          nicolae_letter_subblock, nicolae_letter_subblock,
          nicolae_letter_subblock, nicolae_letter_subblock,
          nicolae_letter_subblock, nicolae_letter_subblock,
          nicolae_letter_subblock, nicolae_letter_subblock,
          nicolae_letter_subblock, nicolae_letter_subblock,
          nicolae_letter_subblock, nicolae_letter_subblock,
          nicolae_letter_subblock, nicolae_letter_subblock,
          nicolae_letter_subblock, nicolae_letter_subblock,
          nicolae_letter_subblock, nicolae_letter_subblock,
          nicolae_letter_subblock, nicolae_letter_subblock]
D:8:      nicolae_moon_pools, layout_basic, grunt_temple_overflow_open,
          lair_entry_dummy, serial_shops, nicolae_shop_just_a_little_nook, shop,
          nicolae_lakefront_shop, kennysheep_mini_moat, minmay_between,
          uniq_amaemon, uniq_grum, uniq_psyche
D:9:      layout_roguey, lemuel_coloured_pillars_altar, serial_shops, shop,
          nicolae_shop_behind_doors, nicolae_diamond_shop, shop
D:10:     layout_loops_ring, lemuel_mausoleum_altar_kikubaaqudgha,
          minmay_misc_feat_ornament, eino_small_chamber_without_monster
Temple:   nicolae_temple_bog_church
Lair:1:   layout_loops_ring, portal_ice_cave_entry_ice_simulacra,
          grunt_megastairs_2, infiniplex_staircase_pool_2, lemuel_fruit_tree,
          uniq_erica
Lair:2:   layout_regular_city, swamp_mist_pool, minmay_snake_entry_six_corridors
Lair:3:   layout_layer_cave, hellmonk_talismancer, serial_bayou_shore_a,
          uniq_josephine
Lair:4:   layout_regular_city, dpeg_slime_entry_enclosed, lookout_lair_type
Lair:5:   gammafunk_lair_ancient_temple, layout_regular_city, wad_woods_06

Skill      XL: |  1  2  3  4  5  6  7  8  9 10 11 12 13 |
---------------+----------------------------------------+-----
Dodging        | 3 5 7 9 11 12 | 12.1
Fighting       | 4 5 6 7 8 10 11 12 13 | 13.6
Armour         | 1 2 4 5 6 8 |  8.3
Long Blades    | 4 5 7 9 10 12 | 12.9
Stealth        | |  5.5

Action                     |  1- 3 |  4- 6 |  7- 9 | 10-12 | 13-15 || total
---------------------------+-------+-------+-------+-------+-------++-------
  Melee: Falchion          |    79 |    78 |   324 |   762 |   333 ||  1576
         Dagger            |       |   125 |       |       |       ||   125
         Punch             |       |       |     6 |    15 |     4 ||    25
 Invoke: Curse Item        |       |       |     2 |     6 |     1 ||     9
         Shatter the Chain |       |       |       |     1 |       ||     1
  Evoke: Wand              |       |       |     1 |     5 |    17 ||    23
    Use: Scroll            |       |       |     3 |       |     2 ||     5
         Potion            |       |       |       |     4 |     2 ||     6
   Stab: Sleeping          |       |       |     2 |     7 |     1 ||    10
         Petrified         |       |       |       |     3 |       ||     3
 Armour: Leather armour    |    30 |       |       |       |       ||    30
         Chain mail        |    39 |   134 |   284 |   508 |   215 ||  1180
  Dodge: Dodged            |    50 |    63 |   199 |   494 |   232 ||  1038
